 Dungeon Sprint DCSS version 0.21.1-1-g345015f (webtiles) character file.

8800000 sanboga the Conqueror (level 27, -5/273 HPs)
             Began as a Grey Draconian Monk on Mar 6, 2018.
             Was the Champion of Makhleb.
             Slain by The Servant
             ... wielding a +9 glaive of flaming
              (75 damage)
             ... in the Dungeon (Sprint VIII: "Arena of Blood").
             The game lasted 00:03:17 (88 turns).

sanboga the Conqueror (Grey Draconian Monk)           Turns: 88, Time: 00:03:18

Health: -5/273     AC: 18    Str: 26    XL:     27
Magic:  33/54      EV: 30    Int: 12    God:    Makhleb [******]
Gold:   0          SH:  0    Dex: 13    Spells: 80/80 levels left

rFire    . . .     SeeInvis .   i - +∞ Axe of Woe
rCold    . . .     Gourm    .   (shield currently unavailable)
rNeg     . . .     Faith    .   (armour unavailable)
rPois    .         Spirit   .   (helmet restricted)
rElec    .         Reflect  .   (no cloak)
rCorr    .         Harm     .   (no gloves)
MR       ++...     NoTele   +   (no boots)
Stlth    +++++++++.             (no amulet)
HPRegen  0.55/turn              a - +30 ring of slaying
MPRegen  0.34/turn              (no ring)

@: no status effects
A: walk through water, unfitting armour, unbreathing, cold-blooded, AC +18
a: Minor Destruction, Lesser Servant of Makhleb, Major Destruction, Greater
Servant of Makhleb, Renounce Religion


You were in the Dungeon.
You worshipped Makhleb.
Makhleb was exalted by your worship.
You were not hungry.

You visited 1 branch

Inventory:

Hand Weapons
 i - the +∞ Axe of Woe (weapon)
   (You found it in the Dungeon)
Jewellery
 a - a +30 ring of slaying (left hand)
Scrolls
 h - a scroll of blinking
Potions
 c - a potion of curing
 d - a potion of heal wounds
 e - a potion of haste
 f - 2 potions of magic
 g - a potion of berserk rage
Comestibles
 b - a ration


   Skills:
 O Level 27 Fighting
 O Level 27 Axes
 O Level 27 Throwing
 O Level 27 Dodging
 O Level 27 Stealth
 O Level 27 Unarmed Combat
 O Level 27 Spellcasting
 O Level 27 Invocations


You had 80 spell levels left.
You didn't know any spells.

Dungeon Overview and Level Annotations

Branches:
Dungeon (1/1)

Altars:
Makhleb

Annotations:
D The Servant


Innate Abilities, Weirdness & Mutations

You can walk through water.
Your dull iron-grey scales are very hard. (AC +18)
You cannot fit into any form of body armour.
You can survive without breathing.
You are cold-blooded and may be slowed by cold attacks.


Message History

You kill the meat berserker!
Makhleb accepts your kill.
You slice the meat beast!!
You slaughter the meat beast joyfully.
You kill the meat beast!
Makhleb accepts your kill.
You hear a shout! x6
The bag of meat moves out of view.
The dread calls on the powers of darkness!
The bag of meat convulses!
The eight-headed meat hydra convulses!
The bag of meat convulses! x2; The Servant convulses!
The bag of meat convulses!
Your body is wracked with pain!
The meat berserker convulses!
The eight-headed meat hydra calls on the powers of darkness!
The eight-headed meat hydra convulses!
The bag of meat convulses!
The meat berserker convulses!
The bag of meat convulses! x2
The Servant convulses!
The bag of meat convulses!
Your body is wracked with pain!
* * * LOW HITPOINT WARNING * * *
The meat berserker convulses!
The Servant hits you from afar with a +9 glaive of flaming!!!!
You die...

.........O
#.......# #.2.
#.......#
...O###.V.....###.
.........###......
.#.....).)_)......
.......#)))..#....
.......#_O<)_# .
....V..#)@)..#..
#....o@))_......
....o.oz)###.....o
.o..###.... ..###.
... #oW.....# .
#.......#
o.D......
.LO.......
o.........


You could see a tyrant, The Servant, an eight-headed meat hydra, a destroyer, a
sculptor of flesh, a dread, 2 meat berserkers and 5 bags of meat.

Vanquished Creatures
  6 hell beasts (D)
  A greater mummy (D)
  12 vampire knights (D)
  28 ogres (D)
  3 two-headed ogres (D)
  A lich (D)
  A hydra (D)
  50 orcs (D)
  4 skeletal warriors (D)
  3 large abominations (D)
  8 small abominations (D)
  13 crawling corpses (D)
130 creatures vanquished.

Vanquished Creatures (others)
  3 crawling corpses (D)
3 creatures vanquished.

Grand Total: 133 creatures vanquished

Notes
Turn   | Place    | Note
-------+----------+-------------------------------------------
     0 | D        | Found the +∞ Axe of Woe
     0 | D        | sanboga the Draconian Monk began the quest for the Orb.
     0 | D        | Reached XP level 1. HP: 19/19 MP: 1/1
     3 | D        | Noticed a bag of meat
     3 | D        | Noticed a bag of meat
     4 | D        | Noticed a bag of meat
     4 | D        | Noticed a bag of meat
     5 | D        | Noticed a bag of meat
     5 | D        | Became a worshipper of Makhleb the Destroyer
     5 | D        | Reached * piety under Makhleb
     5 | D        | Reached ** piety under Makhleb
     6 | D        | Killed a bag of meat
     6 | D        | Reached skill level 15 in Fighting
     6 | D        | Reached XP level 2. HP: 49/49 MP: 2/2
     6 | D        | Reached XP level 3. HP: 56/56 MP: 3/3
     6 | D        | Reached XP level 4. HP: 63/63 MP: 4/4
     6 | D        | Reached XP level 5. HP: 70/70 MP: 5/5
     6 | D        | Reached XP level 6. HP: 78/78 MP: 6/6
     6 | D        | Your scales start taking on a dull iron-grey colour.
     6 | D        | Reached XP level 7. HP: 84/84 MP: 7/7
     6 | D        | Gained mutation: You can survive without breathing. [Grey Draconian growth]
     6 | D        | Reached XP level 8. HP: 93/93 MP: 8/8
     6 | D        | Reached XP level 9. HP: 100/100 MP: 9/9
     6 | D        | Reached XP level 10. HP: 107/107 MP: 10/10
     6 | D        | Reached XP level 11. HP: 114/114 MP: 11/11
     7 | D        | Noticed a meat berserker
     8 | D        | Noticed a bag of meat
     9 | D        | Noticed a meat berserker
    10 | D        | Killed a meat berserker
    10 | D        | Reached XP level 12. HP: 132/132 MP: 12/12
    10 | D        | Reached XP level 13. HP: 139/139 MP: 13/13
    10 | D        | Killed a bag of meat
    10 | D        | Reached XP level 14. HP: 149/149 MP: 14/14
    11 | D        | Noticed a bag of meat
    11 | D        | Noticed a bag of meat
    11 | D        | Killed a meat berserker
    11 | D        | Reached *** piety under Makhleb
    11 | D        | Reached XP level 15. HP: 162/162 MP: 15/15
    12 | D        | Noticed a meat berserker
    14 | D        | Noticed a meat berserker
    17 | D        | Noticed a meat berserker
    18 | D        | Killed a meat berserker
    18 | D        | Reached XP level 16. HP: 178/178 MP: 16/16
    18 | D        | Killed a meat berserker
    18 | D        | Reached **** piety under Makhleb
    19 | D        | Noticed a meat berserker
    19 | D        | Killed a meat berserker
    19 | D        | Reached skill level 27 in Fighting
    19 | D        | Reached XP level 17. HP: 191/191 MP: 17/17
    19 | D        | Reached skill level 27 in Axes
    19 | D        | Reached skill level 27 in Stealth
    20 | D        | Noticed a meat berserker
    21 | D        | Noticed a large bag of meat
    21 | D        | Reached ***** piety under Makhleb
    21 | D        | Reached skill level 10 in Invocations
    21 | D        | Reached XP level 18. HP: 200/200 MP: 17/30
    21 | D        | Reached skill level 10 in Throwing
    21 | D        | Reached skill level 27 in Dodging
    21 | D        | Reached skill level 10 in Spellcasting
    24 | D        | Noticed a large bag of meat
    24 | D        | Killed a meat berserker
    24 | D        | Reached skill level 15 in Unarmed Combat
    25 | D        | Noticed a large bag of meat
    25 | D        | Killed a meat berserker
    25 | D        | Reached XP level 19. HP: 207/207 MP: 17/39
    26 | D        | Killed a large bag of meat
    27 | D        | Noticed a destroyer
    27 | D        | Noticed a meat berserker
    28 | D        | Killed a large bag of meat
    28 | D        | Reached ****** piety under Makhleb
    28 | D        | Reached XP level 20. HP: 216/216 MP: 18/45
    31 | D        | Noticed an eight-headed meat hydra
    31 | D        | Killed a destroyer
    31 | D        | Reached skill level 27 in Invocations
    31 | D        | Reached XP level 21. HP: 224/224 MP: 19/49
    33 | D        | Killed a large bag of meat
    33 | D        | Reached skill level 27 in Unarmed Combat
    33 | D        | Reached skill level 27 in Throwing
    33 | D        | Reached skill level 27 in Spellcasting
    34 | D        | Noticed a destroyer
    36 | D        | Reached XP level 22. HP: 233/233 MP: 20/53
    40 | D        | Noticed a destroyer
    42 | D        | Noticed a destroyer
    42 | D        | Noticed a destroyer
    44 | D        | Noticed a destroyer
    44 | D        | Killed a destroyer
    44 | D        | Reached XP level 23. HP: 156/240 MP: 22/54
    44 | D        | Killed a destroyer
    45 | D        | Killed a destroyer
    45 | D        | Reached XP level 24. HP: 249/249 MP: 22/54
    46 | D        | Noticed a destroyer
    46 | D        | Noticed a destroyer
    47 | D        | Noticed an accursed
    49 | D        | Noticed a destroyer
    49 | D        | Killed a destroyer
    49 | D        | Killed a destroyer
    49 | D        | Reached XP level 25. HP: 257/257 MP: 23/54
    50 | D        | Noticed a destroyer
    50 | D        | Killed a destroyer
    52 | D        | Reached XP level 26. HP: 266/266 MP: 24/54
    54 | D        | Noticed a destroyer
    56 | D        | Noticed a destroyer
    56 | D        | Noticed a tyrant
    56 | D        | Killed an accursed
    56 | D        | Reached XP level 27. HP: 273/273 MP: 25/54
    60 | D        | Killed a destroyer
    60 | D        | Killed a destroyer
    63 | D        | Killed a tyrant
    64 | D        | Killed a destroyer
    69 | D        | Noticed a meat beast
    71 | D        | Noticed a meat beast
    72 | D        | Noticed a meat beast
    72 | D        | Noticed The Servant
    73 | D        | Killed a meat beast
    73 | D        | Killed a destroyer
    75 | D        | Killed a meat beast
    77 | D        | Noticed a meat beast
    80 | D        | Killed a meat beast
    80 | D        | Killed a meat beast
    81 | D        | Killed a destroyer
    82 | D        | Noticed a meat beast
    84 | D        | Noticed a large bag of meat
    84 | D        | Noticed a dread
    85 | D        | Noticed a meat beast
    86 | D        | Noticed a tyrant
    88 | D        | Noticed a destroyer
    88 | D        | Killed a meat beast
    88 | D        | Killed a meat beast
    88 | D        | Slain by The Servant

Skill      XL: |  1  2  3  4  5  6  7  8  9 10 11 12 13 14 15 16 17 18 19 20 21 |
---------------+----------------------------------------------------------------+-----
Fighting       | 15 19 20 22 25 27 | 27.0
Axes           | 14 18 19 21 23 26 27 | 27.0
Dodging        | 13 17 18 19 22 24 26 27 | 27.0
Stealth        | 14 18 19 21 23 26 27 | 27.0
Throwing       | 8 16 21 24 27 | 27.0
Unarmed Combat | 9 17 23 26 27 | 27.0
Spellcasting   | 8 16 21 24 27 | 27.0
Invocations    | 10 19 24 27 | 27.0

Action                   |  1- 3 |  4- 6 |  7- 9 | 10-12 | 13-15 | 16-18 | 19-21 | 22-24 | 25-27 || total
-------------------------+-------+-------+-------+-------+-------+-------+-------+-------+-------++-------
Melee: Executioner's axe |     1 |       |       |     1 |     3 |     4 |     6 |    11 |    36 ||    62
Armor: Skin              |       |       |       |       |     1 |       |       |       |     1 ||     2
Dodge: Dodged            |       |       |       |       |       |       |       |       |     5 ||     5
